 Dungeon Crawl Stone Soup version 0.27-a0-1438-g9b7c6745da (webtiles) character file.

Game seed: 2333332486878080272

5 Gargoyl the Skirmisher (level 1, -26/23 HPs)
             Began as a Gnoll Abyssal Knight on July 4, 2021.
             Was a Follower of Lugonu.
             Annihilated by a tentacled starspawn (33 damage)
             ... summoned by a glowing orange brain
             ... on level 1 of the Abyss.
             The game lasted 00:00:18 (168 turns).

Gargoyl the Skirmisher (Gnoll Abyssal Knight)        Turns: 168, Time: 00:00:19

Health: -26/23     AC:  3    Str: 11    XL:     1   Next: 80%
Magic:  3/3        EV: 11    Int: 11    God:    Lugonu [*.....]
Gold:   0          SH:  0    Dex: 11    Spells: 0/0 levels left

rFire    . . .     SeeInvis .   a - +1 hand axe
rCold    . . .     Faith    .   (no shield)
rNeg     . . .     Spirit   .   b - +0 leather armour
rPois    .         Reflect  .   (no helmet)
rElec    .         Harm     .   (no cloak)
rCorr    .         Rampage  .   (no gloves)
Will     .....                  (no boots)
Stlth    +.........             (no amulet)
HPRegen  0.07/turn              (no ring)
MPRegen  0.08/turn              (no ring)

@: afraid
A: fangs 1, strong nose, distributed training
a: Renounce Religion, Depart the Abyss


You were on level 1 of the Abyss.
You worshipped Lugonu.
Lugonu was aware of your devotion.
You visited 0 branches of the dungeon, and saw 0 of its levels.
You visited the Abyss 1 time.

Inventory:

Hand Weapons
 a - a +1 hand axe (weapon)
Armour
 b - a +0 leather armour (worn)


   Skills:
 + Level 6.4 Fighting
 + Level 0.1 Short Blades
 + Level 0.1 Long Blades
 + Level 4.4 Axes
 + Level 0.1 Maces & Flails
 + Level 0.1 Polearms
 + Level 0.1 Staves
 + Level 0.1 Slings
 + Level 0.1 Bows
 + Level 0.1 Crossbows
 + Level 0.1 Throwing
 + Level 4.4 Armour
 + Level 2.4 Dodging
 + Level 0.1 Stealth
 + Level 0.1 Shields
 + Level 0.1 Unarmed Combat
 + Level 0.1 Spellcasting
 + Level 0.1 Conjurations
 + Level 0.1 Hexes
 + Level 0.1 Summonings
 + Level 0.1 Necromancy
 + Level 0.1 Translocations
 + Level 0.1 Transmutations
 + Level 0.1 Fire Magic
 + Level 0.1 Ice Magic
 + Level 0.1 Air Magic
 + Level 0.1 Earth Magic
 + Level 0.1 Poison Magic
 + Level 4.4 Invocations
 + Level 0.1 Evocations


You couldn't memorise any spells.
You didn't know any spells.
Your spell library contained the following spells:

 Spells                   Type           Power      Damage    Failure   Level
 Conjure Flame            Conj/Fire      0%         6-21      78%         3
 Ignite Poison            Fire/Tmut/Pois 0%         N/A       78%         3
 Sticky Flame             Conj/Fire      0%         2d3       99%         4


Dungeon Overview and Level Annotations

Branches:
Dungeon (0/15)

Altars:


Innate Abilities, Weirdness & Mutations

You have very sharp teeth.
Your uncanny sense of smell can sniff out nearby items.
Your experience applies equally to all skills.


Message History

The worldbinder hits you. x2
The orc priest disappears in a puff of smoke!
The worldbinder hits you but does no damage.
The worldbinder hits you.
The orc priest disappears in a puff of smoke!
The worldbinder calls forth creatures from the Orcish Mines!
The warg closely misses you.
The worldbinder calls forth creatures from the Orcish Mines!
The warg disappears in a puff of smoke!
The orc priest begins to cast a cantrip, but forgets the words!
The warg disappears in a puff of smoke!
The worldbinder calls forth creatures from the Orcish Mines!
The orc priest disappears in a puff of smoke! x2
The ufetubus shouts!
You closely miss the ufetubus.
The ufetubus hits you but does no damage.
The ufetubus barely misses you.
The ufetubus hits you but does no damage.
The ufetubus hits you.
Unknown command.
You closely miss the ufetubus. The ufetubus hits you.
The ufetubus closely misses you.
The glowing orange brain pulsates.
Unknown command.
You hit the ufetubus.
The ufetubus is heavily wounded.
The ufetubus closely misses you. The ufetubus misses you.
The ufetubus barely misses you. x2
Unknown command.
You slash the ufetubus!
You kill the ufetubus!
The glowing orange brain pulsates.
Unknown command.
You hit the tentacled starspawn but do no damage.
The glowing orange brain pulsates.
The glowing orange brain radiates an aura of fear!
You are terrified of the glowing orange brain!
The tentacled starspawn bites you!!
Ouch! That really hurt!
You die...

##. #.#..##
##..# ..
.#.#..# ... . #
.#####.####.##
..#....#..#....
. ##.#G.#...
.#. ##5#.Z...#
##..#.....## .#
##....X.#X## #
#.#...##.@## #
..#...###
###..#. #
###... ####.


You could see a tentacled starspawn (summoned), a glowing orange brain (scary),
a thrashing horror (summoned), an iron imp (summoned) and a frost giant zombie
(summoned).

Vanquished Creatures
  An ufetubus (Abyss:1)
1 creature vanquished.

Notes
Turn   | Place    | Note
-------+----------+-------------------------------------------
     0 | Abyss:1  | Gargoyl the Gnoll Abyssal Knight began the quest for the
                  | Orb.
     0 | Abyss:1  | Reached XP level 1. HP: 23/23 MP: 3/3
   119 | Abyss:1  | Noticed a worldbinder
   127 | Abyss:1  | Noticed an orc priest
   131 | Abyss:1  | Noticed an orc priest
   132 | Abyss:1  | Noticed an orc priest
   137 | Abyss:1  | Noticed a glowing orange brain
   144 | Abyss:1  | Noticed a warg
   144 | Abyss:1  | Noticed a warg
   150 | Abyss:1  | Noticed an orc priest
   150 | Abyss:1  | Noticed an orc priest
   154 | Abyss:1  | Noticed an orc priest
   154 | Abyss:1  | Noticed a warg
   166 | Abyss:1  | Noticed a tentacled starspawn
   168 | Abyss:1  | Noticed an iron imp
   168 | Abyss:1  | Noticed a thrashing horror
   168 | Abyss:1  | Noticed a frost giant zombie
   168 | Abyss:1  | Annihilated by a tentacled starspawn

Illustrated notes

Levels and vault maps discovered:
Abyss:1:  base: Temple, base:
Temple

Action                   || total
-------------------------++-------
Melee: Hand axe          ||     5
Armor: Leather armour    ||     3
Dodge: Dodged            ||     8

Table legend: (Time is in decaauts)
 A = Elapsed time spent in this place.
 B = Non-inter-level travel time spent in this place.
 C = Inter-level travel time spent in this place.
 D = Time resting spent in this place.
 E = Time spent auto-exploring this place.
 F = Levels seen in this place.
 G = Mean time per level.
                   A        B        C        D        E       F      G
               +--------+--------+--------+--------+--------+-----+--------+
         Total |    168 |    168 |      0 |      0 |    117 |   1 |  168.0 |
         Abyss |    168 |    168 |      0 |      0 |    117 |   1 |  168.0 |
               +--------+--------+--------+--------+--------+-----+--------+

Top non-repeatable levels by time:
 Abyss:1: 168 daAuts
